 Dungeon Crawl Stone Soup version 0.32-a0-673-g3729bd50f8 (webtiles) character file.

Game seed: 148474957629969209

536919 BubbleThief the Conqueror (level 25, -13/304 HPs)
             Began as an Oni Gladiator on Mar 11, 2024.
             Was a High Priest of Yredelemnul.
             Killed from afar by a purple draconian (38 damage)
             ... with a bolt of dispelling energy
             ... on level 1 of the Realm of Zot.
             The game lasted 02:26:39 (57302 turns).

BubbleThief the Conqueror (Oni Gladiator)          Turns: 57302, Time: 02:26:39

Health: -13/304    AC: 20    Str: 31    XL:     25   Next: 49%
Magic:  37/37      EV: 10    Int:  8    God:    Yredelemnul [*****.]
Gold:   3797       SH:  0    Dex: 14    Spells: 24/24 levels left

rFire   + . .        K - +9 bardiche (heavy)
rCold   + + +        (shield currently unavailable)
rNeg    + . .        J - +2 faerie dragon scales {rCorr Int+3}
rPois   .            b - +2 hat
rElec   +            k - scarf {rC+ rF+}
rCorr   +            (gloves unavailable)
SInv    .            (boots unavailable)
Will    +++++        U - amulet "Temuwnow" {+Inv rElec Will+ Regen+}
Stlth   +++          Y - ring "Gacrejopp" {^Drain rC++ rCorr AC+4 Stlth+}
HPRegen 1.50/turn    B - ring "Quffeafy" {rN+ Will++ Str+2 Int-4}
MPRegen 0.25/turn

%: no passive effects
@: wreathed by umbra
A: large, unfitting armour, horns 1, tough skin 1, double potion healing,
drunken brawling
}: 3/15 runes: serpentine, barnacled, abyssal
a: Renounce Religion, Evoke Invisibility, Light the Black Torch, Recall Undead
Harvest, Hurl Torchlight, Bind Soul, Fathomless Shackles


You were on level 1 of the Realm of Zot.
You worshipped Yredelemnul.
Yredelemnul was greatly pleased with you.
You visited 10 branches of the dungeon, and saw 44 of its levels.
You visited the Abyss 1 time.
You visited 2 bazaars.
You also visited: Bailey, Gauntlet, Wizlab and Desolation.

You collected 6622 gold pieces.
You spent 2825 gold pieces at shops.

Inventory:

Hand Weapons
 K - a +9 heavy bardiche (weapon)
Missiles
 d - 5 throwing nets
 e - 55 large rocks (quivered)
 f - 5 curare-tipped darts
 g - 16 atropa-tipped darts
 C - 7 datura-tipped darts
 I - 21 javelins
 L - 11 silver javelins
Armour
 b - a +2 hat (worn)
 c - +1 ice dragon scales
 k - a scarf of resistance (worn)
 t - a scarf of repulsion
 J - the +2 faerie dragon scales (worn) {rCorr Int+3}
   (You took it off the Enchantress on level 4 of the Depths)

   Int+3:     It affects your intelligence (+3).
   rCorr:     It protects you from acid and corrosion.
Jewellery
 B - the ring "Quffeafy" (right hand) {rN+ Will++ Str+2 Int-4}
   (You found it in a Gauntlet)

   [ring of positive energy]

   Str+2:     It affects your strength (+2).
   Int-4:     It affects your intelligence (-4).
   rN+:       It protects you from negative energy.
   Will++:    It greatly increases your willpower.
 M - a ring of poison resistance
 S - the amulet of Bosum {Reflect -Cast rElec rPois rCorr SH+5}
   (You took it off a deep elf master archer on level 3 of the Elven Halls)

   [amulet of reflection]

   Reflect:   It reflects blocked missile attacks.
   rElec:     It insulates you from electricity.
   rPois:     It protects you from poison.
   -Cast:     It prevents spellcasting.
   rCorr:     It protects you from acid and corrosion.
   SH+5:      It affects your SH (+5).
 U - the amulet "Temuwnow" (around neck) {+Inv rElec Will+ Regen+}
   (You took it off a deep elf high priest on level 3 of the Elven Halls)

   [amulet of regeneration]

   rElec:     It insulates you from electricity.
   Will+:     It increases your willpower.
   +Inv:      It lets you turn invisible.
   Regen+:    It increases your rate of health regeneration.
 W - the amulet "Buowy" {Reflect rN+ SH+5}
   (You took it off a deep elf annihilator on level 3 of the Elven Halls)

   [amulet of reflection]

   Reflect:   It reflects blocked missile attacks.
   rN+:       It protects you from negative energy.
   SH+5:      It affects your SH (+5).
 X - the ring of the Hare {EV+10}
   (You took it off a deep elf annihilator on level 3 of the Elven Halls)

   [ring of evasion]

   EV+10:     It affects your evasion (+10).
 Y - the ring "Gacrejopp" (left hand) {^Drain rC++ rCorr AC+4 Stlth+}
   (You bought it in a shop on level 3 of the Snake Pit)

   [ring of protection]

   AC+4:      It affects your AC (+4).
   rC++:      It greatly protects you from cold.
   rCorr:     It protects you from acid and corrosion.
   ^Drain:    It drains your maximum health when unequipped.
   Stlth+:    It makes you more stealthy.
Wands
 q - a wand of digging (12)
 z - a wand of flame (5)
 V - a wand of polymorph (3)
 Z - a wand of quicksilver (1)
Scrolls
 a - 6 scrolls of fog
 j - 10 scrolls of poison
 m - 4 scrolls of enchant weapon
 s - 5 scrolls of silence
 x - 4 scrolls of revelation
 y - 3 scrolls of summoning
 A - 12 scrolls of enchant armour
 E - a scroll of immolation
 H - 21 scrolls of teleportation
 N - a scroll of blinking
 O - a scroll of brand weapon
 R - 3 scrolls of fear
 T - 19 scrolls of identify
Potions
 h - 4 potions of heal wounds
 i - 7 potions of might
 l - 7 potions of curing
 n - 25 potions of mutation
 o - 3 potions of haste
 p - 11 potions of attraction
 r - 5 potions of lignification
 u - 9 potions of enlightenment
 v - 4 potions of ambrosia
 w - 4 potions of invisibility
 D - 2 potions of cancellation
 F - 3 potions of magic
 G - a potion of berserk rage
 P - a potion of brilliance
 Q - 7 potions of resistance


   Skills:
 O Level 27 Fighting
 O Level 27 Polearms
 - Level 9.0 Throwing
 + Level 21.2 Armour
 - Level 2.6 Dodging
 - Level 21.0 Invocations


You had 24 spell levels left.
You didn't know any spells.
Your spell library contained the following spells:

 Spells                   Type           Power      Damage    Failure   Level
 Apportation              Tloc           0%         N/A       43%         1
 Foxfire                  Conj/Fire      0%         2x1d4     43%         1
 Magic Dart               Conj           0%         1d3       43%         1
 Necrotise                Necr           0%         1d4       43%         1
 Sandblast                Erth           0%         2d4       43%         1
 Sting                    Conj/Alch      0%         1d3       43%         1
 Summon Small Mammal      Summ           0%         N/A       43%         1
 Blink                    Tloc           0%         N/A       56%         2
 Call Imp                 Summ           0%         N/A       56%         2
 Cigotuvi's Dreadful Rot  Necr/Alch/Air  0%         N/A       56%         2
 Jinxbite                 Hex            0%         N/A       56%         2
 Mercury Vapours          Alch/Air       0%         N/A       56%         2
 Scorch                   Fire           0%         2d5       56%         2
 Searing Ray              Conj           0%         2d4       56%         2
 Static Discharge         Conj/Air       0%         3-3/arc   56%         2
 Sublimation of Blood     Necr           0%         N/A       56%         2
 Dazzling Flash           Conj/Hex       0%         N/A       80%         3
 Fugue of the Fallen      Necr           0%         N/A       80%         3
 Inner Flame              Hex/Fire       0%         N/A       80%         3
 Mephitic Cloud           Conj/Alch/Air  0%         N/A       80%         3
 Ozocubu's Armour         Ice            0%         N/A       80%         3
 Passwall                 Erth           0%         N/A       80%         3
 Sigil of Binding         Hex            0%         N/A       80%         3
 Stone Arrow              Conj/Erth      0%         3d7       80%         3
 Tukima's Dance           Hex            0%         N/A       80%         3
 Vampiric Draining        Necr           0%         2d6       80%         3
 Volatile Blastmotes      Fire/Tloc      0%         2d10      80%         3
 Airstrike                Air            0%         2d(0-16)  99%         4
 Anguish                  Hex/Necr       0%         N/A       99%         4
 Brom's Barrelling Bould  Conj/Erth      0%         2d3       99%         4
 Cause Fear               Hex            0%         N/A       99%         4
 Dispel Undead            Necr           0%         3d6       99%         4
 Flame Wave               Conj/Fire      0%         2d4       99%         4
 Fulminant Prism          Conj/Alch      0%         3d5       99%         4
 Ignite Poison            Fire/Alch      0%         N/A       99%         4
 Manifold Assault         Tloc           0%         N/A       99%         4
 Martyr's Knell           Necr/Summ      0%         N/A       99%         4
 Passage of Golubria      Tloc           0%         N/A       99%         4
 Sticky Flame             Fire/Alch      0%         2d4       99%         4
 Summon Lightning Spire   Summ/Air       0%         N/A       99%         4
 Vhi's Electric Charge    Tloc/Air       0%         N/A       99%         4
 Alistair's Intoxication  Alch           0%         N/A       100%        5
 Arcjolt                  Conj/Air       0%         1d10      100%        5
 Borgnjor's Vile Clutch   Necr/Erth      0%         N/A       100%        5
 Curse of Agony           Necr           0%         N/A       100%        5
 Fireball                 Conj/Fire      0%         3d3       100%        5
 Freezing Cloud           Conj/Ice/Air   0%         6-21      100%        5
 Iskenderun's Battlesphe  Conj           0%         2d6       100%        5
 Metabolic Englaciation   Hex/Ice        0%         N/A       100%        5
 Silence                  Hex/Air        0%         N/A       100%        5
 Summon Forest            Summ/Tloc      0%         N/A       100%        5
 Yara's Violent Unravell  Hex/Alch       0%         3d3       100%        5
 Bombard                  Conj/Erth      0%         9d1       100%        6
 Conjure Ball Lightning   Conj/Air       0%         3x3d6     100%        6
 Eringya's Noxious Bog    Alch           0%         4d6       100%        6
 Plasma Beam              Fire/Air       0%         2x1d10    100%        6
 Sculpt Simulacrum        Ice/Alch       0%         N/A       100%        6
 Starburst                Conj/Fire      0%         6d3       100%        6
 Enfeeble                 Hex            0%         N/A       100%        7
 Orb of Destruction       Conj           0%         9d5       100%        7
 Spellforged Servitor     Conj/Summ      0%         N/A       100%        7
 Summon Hydra             Summ           0%         N/A       100%        7
 Discord                  Hex            0%         N/A       100%        8
 Ignition                 Fire           0%         3d3       100%        8
 Infestation              Necr           0%         N/A       100%        8
 Maxwell's Capacitive Co  Air            0%         ∞         100%        8
 Chain Lightning          Conj/Air       0%         N/A       100%        9
 Fire Storm               Conj/Fire      0%         5d1       100%        9
 Shatter                  Erth           0%         3d5*      100%        9
 Death Channel            Necr           Unusable   N/A       N/A         6

Dungeon Overview and Level Annotations

Branches:
Dungeon (15/15)            Temple (1/1) D:7            Lair (5/5) D:10
 Shoals (4/4) Lair:3        Snake (4/4) Lair:2        Slime (0/5) Lair:5
    Orc (2/2) D:9             Elf (3/3) Orc:2        Vaults (5/5) D:14
  Crypt (0/3) Vaults:3     Depths (4/4) D:15            Zot (1/5) Depths:4
 Bailey (visited)          WizLab (visited)         Desolation (visited)
Gauntlet (visited)

Altars:
Ashenzari
Cheibriados
Dithmenos
Elyvilon
Fedhas
Gozag
Hepliaklqana
Kikubaaqudgha
Makhleb
Nemelex Xobeh
Okawaru
Qazlal
Ru
Sif Muna
Trog
Uskayaw
Vehumet
Wu Jian
Xom
Yredelemnul
Zin
The Shining One
Beogh
Jiyva

Shops:
Orc:2 (**(   Elf:2 *   Shoals:1 (   Shoals:2 *   Shoals:3 (   Snake:3 =
Vaults:2 :

Portals:
Hell: Depths:1 Depths:2 Depths:3 Depths:4
Abyss: Depths:2 Depths:3
Pandemonium: Depths:1 Depths:2
Ziggurat: Depths:1

Annotations:
D:4 2 runed translucent doors, juan097's ghost, novice CoAr
D:8 3 runed translucent doors, gimp's ghost, novice CoAr
Lair:5 exclusion: obsidian statue


Innate Abilities, Weirdness & Mutations

You are too large for most types of armour.
You have a pair of small horns on your head.
You have tough skin. (AC +1)
You gain doubled healing and magic from potions.
Whenever you drink a healing potion, you attack all around you.


Message History

Your draconian knight zombie closely misses the purple draconian.
You chop the green draconian into pieces!!!
You headbutt the green draconian!
The green draconian is heavily wounded.
The purple draconian barely misses your draconian knight zombie.
The green draconian hits you with a +0 short sword.
* * * LOW HITPOINT WARNING * * *
The green draconian tail-slaps you but does no damage.
You slice the green draconian like a ripe choko!!!
You headbutt the green draconian!
The green draconian is almost dead.
Your draconian knight zombie hits the purple draconian!
The purple draconian barely misses your draconian knight zombie.
The green draconian hits you but does no damage.
The green draconian tail-slaps you but does no damage.
A purple draconian knight comes into view.
It is wielding a +0 dire flail.
You slice the green draconian like a ripe choko!!!
You kill the green draconian!
Their soul becomes fuel for the torch.
Your draconian knight zombie barely misses the purple draconian.
The purple draconian hits your draconian knight zombie with a +0 trident.
The purple draconian knight gestures wildly while chanting.
The purple draconian knight seems to speed up.
The purple draconian knight gestures wildly while chanting.
The purple draconian knight flickers and vanishes!
Deactivating autopickup; reactivate with Ctrl-A.
The purple draconian hits your draconian knight zombie but does no damage.
Your draconian knight zombie barely misses the purple draconian.
Unknown command.
The purple draconian hits your draconian knight zombie with a +0 trident!
A bolt of dispelling energy appears from out of thin air!
The bolt of dispelling energy hits you!!
* * * LOW HITPOINT WARNING * * *
Your draconian knight zombie barely misses the purple draconian.
Unknown command.
The purple draconian breathes dispelling energy at you.
The bolt of dispelling energy hits your draconian knight zombie!!
The bolt of dispelling energy hits you!!!
You die...
Your body rises from the dead as a mindless zombie.

....#.#....).)°d○○.#
#
....#.##..#.#§D○○###
#........)#.#°#..#
.....##.####Z####
##.....d.##...##.#
##....ZZ)d....'...
#..)).)##...##.#.
#..###'##.##.## # ..
##..)##@### ##### .
##.....### ##...##
#.....!.#####))>.⌠##
#.........#.#Z......#
#.........'....)⌠.⌠.#
#.........#.#.......#
##.......#####⌠.∩.⌠##
##.....## ##...##
##...## #####


You could see a purple draconian (catching breath, ally target), a friendly
draconian annihilator zombie and a friendly draconian knight zombie.

Vanquished Creatures
  An ancient lich (Vaults:4)
  A juggernaut (Depths:4)
  2 golden dragons
  2 bone dragons
  the Enchantress (Depths:4)
  A mutant beast (WizLab)
  Jory (Vaults:2)
  The ghost of Zissick the Minotaur Blade, an adept MiBr of Okawaru (Vaults:4)
  A shard shrike zombie (Abyss:3)
  A deep elf blademaster (Elf:2)
  Zenata (Vaults:1)
  3 tentacled monstrosities (Depths:3)
  A lich (Depths:3)
  A quicksilver dragon (Zot:1)
  3 sphinxes
  2 deep elf master archers
  Polyphemus (Shoals:3)
  4 tengu reavers
  A shadow dragon (Depths:4)
  3 daevas (Abyss:3)
  8 nagarajas (Snake:4)
  4 frost giants
  A draconian shifter (Zot:1)
  A fire giant (Depths:2)
  A caustic shrike zombie (Abyss:1)
  3 deep elf sorcerers
  3 imperial myrmidons (Desolation)
  3 draconian knights (Zot:1)
  2 deep elf elementalists (Elf:3)
  7 vault wardens
  7 orc warlords
  2 angels (Abyss:3)
  4 draconian annihilators
  16 ironbound preservers
  2 cacodemons (Abyss:3)
  2 spriggan defenders (Depths:4)
  3 green draconians
  5 stone giants
  17 very ugly things
  7 ironbound thunderhulks
  6 deep elf demonologists
  A vampire knight (Depths:1)
  3 purple draconians (Zot:1)
  A black draconian (Depths:4)
  5 deep elf annihilators (Elf:3)
  2 yellow draconians
  A minotaur (Gauntlet)
  2 halazid warlocks (Desolation)
  Azrael (D:15)
  18 dire elephants
  5 deep elf death magi
  The ghost of Iluushri the Fighter, a journeyman DjCK of Xom (Lair:3)
  4 spark wasps
  2 war gargoyles (Vaults:4)
  2 red draconians (Zot:1)
  5 fire dragons
  11 ettins
  A quicksilver dragon zombie (D:15)
  5 merfolk impalers
  3 merfolk javelineers
  3 crystal guardians
  An entropy weaver (Vaults:3)
  A fire dragon (shapeshifter) (WizLab)
  2 deep elf high priests
  5 ragged hierophants (Desolation)
  7 yaktaur captains
  2 ice dragons (Depths:4)
  3 servants of whispers (Desolation)
  A rakshasa (Depths:3)
  Fannar (D:11)
  13 vault guards
  6 peacekeepers
  4 hydras
  Harold (D:10)
  A sphinx zombie (D:15)
  9 anacondas
  10 centaur warriors
  An ogre mage (Orc:2)
  3 catoblepae
  6 boulder beetles
  2 merfolk avatars
  3 spriggan air magi
  An anaconda (shapeshifter) (WizLab)
  A death knight (D:14)
  6 ironbound frosthearts
  3 radroaches (WizLab)
  A two-headed ogre (shapeshifter) (WizLab)
  28 dancing weapons
  2 deep troll earth magi
  15 two-headed ogres
  6 merfolk aquamancers
  16 death yaks
  4 tengu warriors
  An occultist (D:15)
  A satyr (Shoals:4)
  6 deep troll shamans
  2 vampire magi
  6 shock serpents
  A spectral dire elephant (Lair:5)
  2 holy swine (Abyss:3)
  5 naga sharpshooters
  3 naga warriors
  A shock serpent (shapeshifter) (WizLab)
  11 deep elf knights
  2 spriggan berserkers
  A hell knight (Depths:3)
  An orc high priest (Orc:2)
  A thrashing horror (Abyss:1)
  A soul eater (Depths:2)
  A sun demon (Shoals:2)
  2 wretched stars (Abyss:3)
  Nergalle (D:10)
  2 sixfirhies
  5 skysharks
  A fire crab (Gauntlet)
  5 skeletal warriors
  3 sea snakes (shapeshifter)
  30 deep trolls
  6 iron trolls
  3 salamander mystics
  A storm dragon skeleton (Depths:2)
  5 mana vipers
  A glowing orange brain (shapeshifter) (WizLab)
  2 skysharks (shapeshifter) (WizLab)
  An orb spider (shapeshifter) (Vaults:3)
  7 glowing orange brains
  A spectral anaconda (Lair:5)
  4 naga ritualists
  13 sea snakes
  3 arcanists
  10 deep elf archers
  8 lindwurms
  An orange crystal statue (Elf:1)
  A phantasmal warrior (Vaults:2)
  Pikel (D:6)
  6 orc knights
  17 ironbound convokers
  7 necromancers
  15 deep elf pyromancers
  34 harpies
  2 orc sorcerers
  25 ugly things
  19 deep elf zephyrmancers
  3 thermic dynamos
  3 starcursed masses (Abyss:1)
  2 oklob plants
  5 salamanders
  12 fauns
  6 cyclopes
  4 shining eyes (shapeshifter)
  A salamander (shapeshifter) (WizLab)
  A moth of wrath (Zot:1)
  10 manticores
  A rust devil (Abyss:3)
  A meliai (shapeshifter) (D:13)
  15 elephants
  A manticore (shapeshifter) (Elf:1)
  A guardian serpent (shapeshifter) (WizLab)
  4 guardian serpents
  A molten gargoyle (Desolation)
  18 vault sentinels
  6 merfolk sirens
  18 black mambas
  12 water nymphs
  2 apocalypse crabs (Abyss:3)
  4 naga magi
  A gargoyle (D:12)
  A torpor snail (Lair:5)
  10 large abominations
  3 rime drakes
  Jeremiah (D:7)
  2 kobold demonologists (D:13)
  A dire elephant skeleton (Lair:5)
  18 yaktaurs
  6 cane toads
  A tormentor (Depths:1)
  10 komodo dragons
  2 yaktaurs (shapeshifter) (WizLab)
  A freezing wraith (Vaults:4)
  A tengu conjurer (D:14)
  A wind drake (Shoals:4)
  A hornet (shapeshifter) (D:13)
  4 hornets
  20 merfolk
  6 trolls
  3 glass eyes
  3 polar bears
  11 blink frogs
  7 snapping turtles
  2 dream sheep (shapeshifter) (WizLab)
  43 saltlings (Desolation)
  20 slime creatures
  A jumping spider (Vaults:3)
  6 dream sheep (Lair:3)
  An air elemental (Elf:1)
  3 spriggans
  3 wyverns
  2 vampires
  10 water elementals
  5 fire elementals
  44 yaks
  4 fire bats (Gauntlet)
  A golden eye (shapeshifter) (Elf:1)
  2 wraiths
  6 basilisks
  A warg (Orc:2)
  2 neqoxecs (Abyss:3)
  5 vampire mosquitoes
  A redback (Vaults:3)
  A chaos spawn (Abyss:1)
  9 small abominations
  2 death yak simulacra (Lair:5)
  Menkaure (D:4)
  A hydra simulacrum (Abyss:3)
  A spectral cane toad (Lair:5)
  3 acid dragons
  24 nagas
  A swamp worm (shapeshifter) (WizLab)
  7 water moccasins
  Duvessa (D:6)
  Pargi (D:4)
  3 ice beasts
  21 orc warriors
  2 black bears
  2 hell hounds (D:15)
  2 laughing skulls (D:11)
  A sky beast (D:7)
  An ettin simulacrum (Abyss:1)
  5 boggarts
  12 ogres
  11 wolves
  An elephant skeleton (Lair:5)
  3 lemures (D:6)
  11 centaurs
  2 kobold brigands
  A brain worm (Abyss:3)
  7 bullfrogs
  2 gnoll sergeants
  3 scorpions
  A cane toad simulacrum (Lair:5)
  4 earth elementals
  Dowan (D:6)
  9 wights
  4 killer bees (D:9)
  An elephant simulacrum (Lair:5)
  2 electric eels
  A bombardier beetle (D:5)
  6 howler monkeys
  4 jellies
  A hound (D:6)
  17 orc priests
  A gnoll bouda (D:3)
  An iron imp (Abyss:1)
  Ijyb (D:4)
  Terence (D:2)
  An iguana (Temple)
  26 orc wizards
  5 polar bear simulacra (D:11)
  A yak simulacrum (D:11)
  2 wolf simulacra (D:11)
  18 gnolls
  4 adders
  A river rat (D:11)
  2 shadow imps (D:6)
  5 white imps
  An ufetubus (Vaults:1)
  2 dart slugs
  5 ribbon worms
  65 orcs
  4 ball pythons
  7 bats
  6 endoplasms
  4 giant cockroaches
  5 goblins
  13 hobgoblins
  7 jackals
  27 kobolds
  3 quokkas
  3 frilled lizards
  7 rats
  2 river rat simulacra (D:11)
1495 creatures vanquished.

Vanquished Creatures (collateral kills)
  The ghost of Cyommoer the Archmage, an adept DEHW of Vehumet (Depths:2)
  Rupert (Orc:2)
  Mlioglotl (Snake:4)
  A quicksilver dragon (Depths:3)
  A deep elf master archer (Elf:3)
  A sphinx (Depths:3)
  A titan (Depths:3)
  A kraken (Shoals:1)
  2 tengu reavers
  Donald (Elf:3)
  8 nagarajas
  A deep elf sorcerer (Elf:3)
  3 frost giants
  2 vault wardens
  3 fire giants (Depths:3)
  An iron dragon (Depths:3)
  2 imperial myrmidons (Desolation)
  An orc warlord (Vaults:2)
  6 ironbound preservers
  8 very ugly things
  2 stone giants
  3 spriggan defenders
  2 ironbound thunderhulks (Vaults:4)
  2 vampire knights
  A black draconian (Depths:4)
  3 purple draconians (Depths:4)
  3 dire elephants
  2 white draconians
  2 blizzard demons
  4 spark wasps
  3 merfolk impalers
  4 merfolk javelineers
  A deep elf high priest (Elf:3)
  An entropy weaver (Vaults:1)
  4 ragged hierophants (Desolation)
  2 yaktaur captains (Vaults:4)
  4 fire dragons
  4 rakshasas
  4 ice dragons
  3 salamander tyrants (Snake:4)
  An ogre mage (Orc:2)
  A great orb of eyes (Vaults:1)
  5 vault guards
  2 peacekeepers
  2 spriggan air magi
  A merfolk avatar (Shoals:4)
  3 two-headed ogres (Orc:2)
  6 anacondas
  5 merfolk aquamancers
  2 satyrs
  3 centaur warriors
  2 dancing weapons (Elf:2)
  An ironbound frostheart (Vaults:3)
  A boulder beetle (D:12)
  A radroach (WizLab)
  A tengu warrior (Depths:2)
  3 death yaks
  3 shock serpents
  14 naga warriors
  5 naga sharpshooters
  2 sun demons (Shoals:2)
  A salamander mystic (Snake:2)
  2 skeletal warriors
  5 hell knights (Depths:3)
  A wretched star (Abyss:3)
  An iron troll (Depths:1)
  19 deep trolls
  5 mana vipers
  4 sea snakes
  A tengu zombie (Depths:2)
  7 naga ritualists
  A shadow demon (Depths:2)
  2 deep elf archers
  4 ironbound convokers
  An orb spider (shapeshifter) (WizLab)
  5 harpies
  A lindwurm (shapeshifter) (WizLab)
  A necromancer (Depths:2)
  A large abomination (WizLab)
  2 deep elf zephyrmancers (Elf:1)
  A deep elf pyromancer (Elf:2)
  A lindwurm (Vaults:4)
  2 fauns (shapeshifter) (WizLab)
  11 salamanders
  4 orc knights (Vaults:2)
  8 fauns
  2 cyclopes
  A manticore (Shoals:2)
  A moth of wrath (Zot:1)
  An orc sorcerer (Elf:2)
  8 ugly things
  A fire giant skeleton (Depths:2)
  4 slime creatures
  2 merfolk sirens
  3 guardian serpents
  24 black mambas
  11 naga magi
  An iron dragon skeleton (Depths:2)
  3 elephants
  2 water nymphs
  A torpor snail (Lair:3)
  9 vault sentinels
  A dire elephant skeleton (Lair:5)
  A kobold demonologist (D:14)
  2 cane toads
  Psyche (D:10)
  An iron troll zombie (Depths:2)
  A freezing wraith (D:14)
  2 komodo dragons
  A rime drake (Lair:4)
  7 yaktaurs
  A yaktaur (shapeshifter) (WizLab)
  13 merfolk
  3 wind drakes
  5 trolls (Orc:2)
  2 hornets
  4 blink frogs (Lair:3)
  4 dream sheep
  14 saltlings (Desolation)
  A snapping turtle (Shoals:2)
  2 glass eyes (WizLab)
  2 spriggans
  6 water elementals
  2 wyverns (Lair:3)
  4 yaks
  A ynoxinul (Abyss:3)
  2 fire bats (Gauntlet)
  A steam dragon (Lair:2)
  A vampire mosquito (D:11)
  An iron golem (WizLab)
  20 nagas
  An acid dragon (Gauntlet)
  A hell hound (Gauntlet)
  2 water moccasins
  An orc warrior (Orc:2)
  9 ogres (Orc:2)
  A small abomination (Abyss:3)
  A boggart (D:15)
  A tengu (shapeshifter) (WizLab)
  4 wolves
  A centaur (D:9)
  A wight (D:9)
  3 howler monkeys
  An electric eel (Snake:3)
  2 jellies (Lair:5)
  An orc priest (D:9)
  2 orc wizards (Orc:2)
  A polar bear simulacrum (D:11)
  2 gnolls
  13 orcs
  2 training dummies (Elf:2)
  A kobold (D:13)
  2 tentacles (Shoals:1)
488 creatures vanquished.

Vanquished Creatures (others)
  A spectral elf (Elf:3)
  A juggernaut zombie (Depths:4)
  A spectral titan (Depths:3)
  A spectral minotaur (Vaults:1)
  4 very ugly thing zombies
  A kraken zombie (Shoals:1)
  spectral Mlioglotl (Snake:4)
  A sphinx zombie (Depths:3)
  A spectral sixfirhy (Depths:2)
  2 spectral daevas (Abyss:3)
  A deep elf knight (Elf:1)
  A spectral fire dragon (Depths:1)
  4 spark wasp zombies
  A golden dragon zombie (Zot:1)
  A spectral angel (Abyss:3)
  5 anaconda zombies
  A spectral deep troll (Depths:4)
  A spectral merfolk (Shoals:3)
  A spectral cacodemon (Abyss:3)
  12 ugly thing zombies
  2 spectral holy swine (Abyss:3)
  4 frost giant zombies
  A stone giant zombie (Depths:4)
  3 draconian zombies
  A fire giant zombie (Depths:3)
  A spectral blizzard demon (Depths:4)
  A spectral iron troll (Depths:3)
  6 dire elephant zombies
  3 spectral rakshasas
  A shock serpent zombie (Snake:4)
  7 spriggan zombies
  A yellow draconian zombie (Depths:4)
  6 death yak zombies
  2 mana viper zombies
  A white draconian zombie (Zot:1)
  3 purple draconian zombies
  6 sea snake zombies
  2 green draconian zombies (Depths:4)
  2 iron troll zombies
  A red draconian zombie (Zot:1)
  2 orb spider zombies
  13 harpy zombies
  19 merfolk zombies
  A hydra zombie (Lair:5)
  2 guardian serpent zombies
  A saltling (Desolation)
  3 fire dragon zombies
  A moth of wrath zombie (Zot:1)
  2 ettin zombies
  An ice dragon zombie (Depths:2)
  A boulder beetle zombie (Vaults:4)
  11 deep troll zombies
  2 radroach zombies (WizLab)
  12 black mamba zombies
  A small abomination (WizLab)
  4 slime creature zombies
  A spectral rust devil (Abyss:3)
  2 water nymph zombies
  2 faun zombies
  7 tengu zombies
  2 skyshark zombies
  3 two-headed ogre zombies
  A fire bat zombie (Gauntlet)
  A cane toad zombie (Lair:5)
  48 human zombies
  An entropy weaver zombie (Vaults:3)
  37 elf zombies
  3 hornet zombies
  3 elephant zombies (Lair:5)
  4 blink frog zombies (Lair:3)
  5 lindwurm zombies
  A boggart (D:15)
  4 dream sheep zombies
  2 manticore zombies
  A spectral neqoxec (Abyss:3)
  9 yaktaur zombies
  3 salamander zombies
  An apocalypse crab zombie (Abyss:3)
  4 cyclops zombies
  A water moccasin zombie (Lair:2)
  14 yak zombies
  A polar bear zombie (Lair:5)
  3 bullfrog zombies
  17 centaur zombies
  2 basilisk zombies (Lair:1)
  4 boggart zombies
  A killer bee zombie (D:9)
  7 ogre zombies
  2 acid dragon zombies
  A sky beast zombie (D:7)
  14 naga zombies
  A howler monkey zombie (D:7)
  3 gnoll zombies (D:7)
  A spectral white imp (D:7)
  4 kobold zombies
  36 orc zombies
  A spectral ufetubus (Vaults:1)
  A spectral weapon (Snake:4)
  2 tentacles (Shoals:1)
433 creatures vanquished.

Grand Total: 2416 creatures vanquished

Notes
Turn   | Place    | Note
-------+----------+-------------------------------------------
     0 | D:1      | BubbleThief the Oni Gladiator began the quest for the Orb.
     0 | D:1      | Reached XP level 1. HP: 22/22 MP: 1/1
   331 | D:1      | Reached XP level 2. HP: 31/31 MP: 2/2
   552 | D:1      | Reached XP level 3. HP: 33/37 MP: 3/3
  1334 | D:2      | Noticed Terence
  1339 | D:2      | Killed Terence
  1340 | D:2      | Reached XP level 4. HP: 48/48 MP: 4/4
  2130 | D:3      | Reached XP level 5. HP: 55/55 MP: 5/5
  2818 | D:4      | Found a large runed translucent door.
  2818 | D:4      | Found a large runed translucent door.
  2820 | D:4      | Noticed juan097's ghost (novice CoAr)
  2985 | D:4      | Noticed Menkaure
  3107 | D:4      | Killed Menkaure
  3108 | D:4      | Reached skill level 5 in Fighting
  3108 | D:4      | Reached XP level 6. HP: 55/66 MP: 6/6
  3232 | D:4      | Noticed Pargi
  3242 | D:4      | Killed Pargi
  3252 | D:4      | Reached skill level 5 in Polearms
  3252 | D:4      | Reached XP level 7. HP: 62/75 MP: 7/7
  3558 | D:4      | Reached skill level 5 in Throwing
  3649 | D:4      | Noticed Ijyb
  3657 | D:4      | Killed Ijyb
  3838 | D:4      | Reached XP level 8. HP: 80/87 MP: 8/8
  3973 | D:5      | Entered Level 5 of the Dungeon
  5074 | D:6      | Noticed Dowan
  5079 | D:6      | Noticed Duvessa
  5087 | D:6      | Killed Duvessa
  5093 | D:6      | Killed Dowan
  5210 | D:6      | Noticed Pikel
  5297 | D:6      | Killed Pikel
  5298 | D:6      | Reached XP level 9. HP: 30/100 MP: 9/9
  5485 | D:6      | Found a hazy altar of Hepliaklqana.
  5492 | D:6      | Found a blossoming altar of Fedhas.
  5644 | D:6      | Identified the +8 orcbow of Abomination {flame, rElec}
  6016 | D:7      | Found a flagged portal.
  6032 | Bailey   | Entered a bailey
  6092 | Bailey   | Reached skill level 10 in Fighting
  6224 | Bailey   | HP: 2/101 [orc warrior/+0 broad axe (10)]
  6511 | D:7      | Noticed Jeremiah
  6523 | D:7      | Found a staircase to the Ecumenical Temple.
  6528 | Temple   | Entered the Ecumenical Temple
  6560 | Temple   | Became a worshipper of Yredelemnul the Fallen
  6666 | D:7      | Reached XP level 10. HP: 111/111 MP: 10/10
  6955 | D:7      | Killed Jeremiah
  7253 | D:8      | Found a runed translucent gate.
  7253 | D:8      | Found a runed translucent gate.
  7253 | D:8      | Found a runed translucent gate.
  7254 | D:8      | Noticed gimp's ghost (novice CoAr)
  7370 | D:8      | Found the +0 toga "Victory" {*Victory Clar}
  7399 | D:8      | Found an iron altar of Okawaru.
  7416 | D:8      | Found a sparkling altar of Nemelex Xobeh.
  7436 | D:8      | Found a shadowy altar of Dithmenos.
  7469 | D:8      | Found a stormy altar of Qazlal.
  7602 | D:9      | Noticed a two-headed ogre
  7602 | D:9      | Noticed a two-headed ogre
  7879 | D:9      | Killed a two-headed ogre
  7881 | D:9      | Identified the +0 leather armour of Nonuybof {*Corrode
                  | rElec rC++ Will-}
  8042 | D:9      | Found a staircase to the Orcish Mines.
  8063 | D:9      | Reached skill level 10 in Polearms
  8249 | D:9      | Found a roughly hewn altar of Beogh.
  8277 | D:9      | Reached XP level 11. HP: 102/127 MP: 11/11
  8293 | D:9      | Killed a two-headed ogre
  8659 | D:10     | Entered Level 10 of the Dungeon
  8668 | D:10     | Noticed Harold
  8692 | D:10     | Noticed a two-headed ogre
  8694 | D:10     | Killed Harold
  8709 | D:10     | Killed a two-headed ogre
  8936 | D:10     | Noticed an oklob plant
  8939 | D:10     | Found a staircase to the Lair.
  8949 | D:10     | Killed an oklob plant
  9219 | D:10     | Reached skill level 15 in Fighting
  9361 | D:10     | Noticed Psyche
  9367 | D:10     | Killed Psyche
  9496 | D:10     | Noticed Nergalle
  9499 | D:10     | Noticed a two-headed ogre
  9507 | D:10     | Killed a two-headed ogre
  9512 | D:10     | Killed Nergalle
  9513 | D:10     | Reached XP level 12. HP: 88/143 MP: 12/12
 10044 | Lair:1   | Entered Level 1 of the Lair of Beasts
 10080 | Lair:1   | Reached skill level 1 in Invocations
 10196 | Lair:1   | Noticed a death yak
 10204 | Lair:1   | Killed a death yak
 10216 | Lair:1   | Identified the +0 rapier "Coebicza" {pain, rN+}
 10622 | Lair:1   | Identified the ring of Yrab {AC+4 Slay+2}
 10636 | Lair:1   | Reached skill level 5 in Invocations
 10808 | Lair:1   | Noticed a death yak
 10810 | Lair:1   | Noticed a death yak
 10814 | Lair:1   | Noticed a death yak
 10823 | Lair:1   | Killed a death yak
 10828 | Lair:1   | Killed a death yak
 10836 | Lair:1   | Killed a death yak
 11298 | Lair:1   | Noticed a boulder beetle
 11298 | Lair:1   | Noticed a catoblepas
 11310 | Lair:1   | Killed a catoblepas
 11311 | Lair:1   | Reached XP level 13. HP: 145/156 MP: 16/18
 11518 | Lair:2   | Reached * piety under Yredelemnul
 11663 | Lair:2   | Found a radiant altar of Vehumet.
 11813 | Lair:2   | Found a staircase to the Snake Pit.
 12240 | Lair:3   | Reached ** piety under Yredelemnul
 13008 | Lair:3   | Found a runed translucent door.
 13034 | Lair:3   | Noticed Iluushri's ghost (journeyman DjCK)
 13076 | Lair:3   | Killed Iluushri's ghost
 13117 | Lair:3   | Found a staircase to the Shoals.
 13210 | Lair:3   | Reached skill level 10 in Invocations
 13535 | Lair:4   | Reached XP level 14. HP: 170/170 MP: 21/21
 13564 | Lair:4   | Reached *** piety under Yredelemnul
 14185 | Lair:5   | Entered Level 5 of the Lair of Beasts
 14209 | Lair:5   | Reached skill level 15 in Polearms
 14323 | Lair:5   | Found a viscous altar of Jiyva.
 14323 | Lair:5   | Found a staircase to the Slime Pits.
 14633 | Lair:5   | Reached **** piety under Yredelemnul
 14804 | Lair:5   | Noticed a dire elephant
 14804 | Lair:5   | Noticed a dire elephant
 14805 | Lair:5   | Noticed a dire elephant
 14805 | Lair:5   | Noticed a dire elephant
 14816 | Lair:5   | Killed a dire elephant
 14836 | Lair:5   | Noticed a dire elephant
 14861 | Lair:5   | Killed a dire elephant
 15067 | Lair:5   | Killed a dire elephant
 15090 | Lair:5   | Killed a dire elephant
 15095 | Lair:5   | Killed a dire elephant
 15581 | Lair:5   | Reached XP level 15. HP: 167/184 MP: 22/24
 16133 | D:11     | Noticed Fannar
 16150 | D:11     | Killed Fannar
 16322 | D:11     | Reached ***** piety under Yredelemnul
 17115 | D:12     | Got Wiel's Notes on the Differential Rocks
 17165 | D:12     | Found a stormy altar of Qazlal.
 18714 | D:13     | Noticed an orc warlord
 18725 | D:13     | Killed an orc warlord
 18747 | D:13     | Noticed an orc warlord
 18767 | D:13     | Killed an orc warlord
 19012 | D:13     | Noticed an orc warlord
 19017 | D:13     | Killed an orc warlord
 20104 | D:14     | Found a gate to the Vaults.
 20119 | D:14     | Reached ****** piety under Yredelemnul
 20428 | D:15     | Entered Level 15 of the Dungeon
 20480 | D:15     | Reached XP level 16. HP: 201/201 MP: 25/25
 20658 | D:15     | Found a staircase to the Depths.
 21038 | D:15     | Noticed Azrael
 21065 | D:15     | Killed Azrael
 22539 | Orc:1    | Entered Level 1 of the Orcish Mines
 22733 | Orc:2    | Entered Level 2 of the Orcish Mines
 22757 | Orc:2    | Found a gate leading to a gauntlet.
 22771 | Gauntlet | Entered a Gauntlet
 22771 | Gauntlet | Found a transporter.
 22771 | Gauntlet | Found a transporter.
 22771 | Gauntlet | Found a transporter.
 22771 | Gauntlet | Found a transporter.
 22775 | Gauntlet | Found a transporter.
 22775 | Gauntlet | Found a transporter.
 22789 | Gauntlet | Found a transporter.
 22791 | Gauntlet | Found a transporter.
 22801 | Gauntlet | Found a transporter.
 22901 | Gauntlet | Found a transporter.
 22905 | Gauntlet | Found a transporter.
 22915 | Gauntlet | Found a transporter.
 23039 | Gauntlet | Identified the ring "Quffeafy" {rN+ Will++ Str+2 Int-4}
 23068 | Gauntlet | Identified the staff of Yesterday {+Blink rCorr Int-4 SInv
                  | Conj}
 23304 | Orc:2    | Found a roughly hewn altar of Beogh.
 23325 | Orc:2    | Found Raminoqa's Assorted Antiques.
 23341 | Orc:2    | Found Jesuzipn's Weapon Emporium.
 23345 | Orc:2    | Found Irghomapn's Assorted Antiques.
 23356 | Orc:2    | Found Xufatoush's Weapon Shoppe.
 23428 | Orc:2    | Noticed Rupert
 23438 | Orc:2    | Killed Rupert
 23488 | Orc:2    | Bought a potion of might for 76 gold pieces
 23488 | Orc:2    | Bought a potion of might for 76 gold pieces
 23488 | Orc:2    | Bought a potion of curing for 57 gold pieces
 23494 | Orc:2    | Bought a potion of attraction for 90 gold pieces
 23550 | Orc:2    | Found a staircase to the Elven Halls.
 23867 | Orc:2    | Found a roughly hewn altar of Beogh.
 24896 | Depths:1 | Entered Level 1 of the Depths
 24974 | Depths:1 | Found a white marble altar of Elyvilon.
 25347 | Depths:1 | Found a gateway to Hell.
 25612 | Depths:1 | Reached XP level 17. HP: 154/215 MP: 18/26
 26119 | Depths:1 | Found an ornate altar of the Wu Jian Council.
 26330 | Depths:1 | Found a one-way gate leading to the halls of Pandemonium.
 26843 | Depths:1 | Found a one-way gateway to a ziggurat.
 26844 | Depths:1 | Identified the +10 tower shield "Kuarphela" {rElec rPois
                  | Regen+ Slay-4}
 26866 | Depths:1 | Noticed Asterion
 26867 | Depths:1 | Noticed an Executioner
 26881 | Depths:1 | Killed Asterion
 26881 | Depths:1 | Bound Asterion
 27491 | Snake:1  | Entered Level 1 of the Snake Pit
 28905 | Snake:2  | Found a broken altar of Ashenzari.
 30065 | Snake:3  | Found Xaoseh's Jewellery Emporium.
 30087 | Snake:3  | Bought the ring "Gacrejopp" {^Drain rC++ rCorr AC+4 Stlth+}
                  | for 949 gold pieces
 30366 | Snake:3  | Reached XP level 18. HP: 173/232 MP: 27/27
 31495 | Snake:4  | Entered Level 4 of the Snake Pit
 32078 | Snake:4  | Reached skill level 27 in Fighting
 32297 | Snake:4  | Noticed Mlioglotl
 32307 | Snake:4  | Killed Mlioglotl
 32331 | Snake:4  | Got a serpentine rune of Zot
 32593 | Snake:4  | Your ally Mlioglotl died
 32604 | Snake:4  | Reached XP level 19. HP: 111/245 MP: 28/28
 33780 | Vaults:1 | Entered Level 1 of the Vaults
 33783 | Vaults:1 | Noticed Zenata
 33799 | Vaults:1 | Killed Zenata
 33864 | Vaults:1 | Your ally Asterion died
 33866 | Vaults:1 | Reached skill level 1 in Armour
 33931 | Vaults:1 | Found a flickering gateway to a bazaar.
 33943 | Bazaar   | Entered a bazaar
 33943 | Bazaar   | Found Giritsut's Distillery.
 33950 | Bazaar   | Bought a potion of heal wounds for 35 gold pieces
 33950 | Bazaar   | Bought 2 potions of heal wounds for 70 gold pieces
 33950 | Bazaar   | Bought a potion of haste for 70 gold pieces
 33950 | Bazaar   | Bought a potion of curing for 21 gold pieces
 33950 | Bazaar   | Bought a potion of mutation for 56 gold pieces
 33968 | Bazaar   | Found Buthru's Antique Weapon Shop.
 33988 | Bazaar   | Found Xygaxket's Antique Armour Shop.
 34165 | Vaults:1 | Found a magical portal.
 34172 | WizLab   | Entered Cigotuvi's Fleshworks
 34506 | WizLab   | Found the +4 Cigotuvi's embrace {Corpsefed rMiasma ^Drain
                  | rN+}
 34589 | WizLab   | Got Cigotuvi's Incunable of the Departed
 34597 | WizLab   | Identified the serpent talisman of the Pirate {Str+2 Int+3}
 34856 | WizLab   | Reached skill level 5 in Armour
 35561 | Vaults:1 | Reached XP level 20. HP: 252/256 MP: 29/29
 36525 | Vaults:2 | Noticed Jory
 36546 | Vaults:2 | Killed Jory
 37107 | Vaults:2 | Found Athossuf's Book Shoppe.
 37993 | Vaults:3 | Found a staircase to the Crypt.
 37993 | Vaults:3 | Found a basalt altar of Yredelemnul.
 38025 | Vaults:3 | Found an ancient bone altar of Kikubaaqudgha.
 38424 | Vaults:3 | Reached skill level 10 in Armour
 38617 | Vaults:3 | Reached XP level 21. HP: 96/265 MP: 26/30
 39106 | Vaults:4 | Found a flickering gateway to a bazaar.
 39115 | Bazaar   | Entered a bazaar
 39161 | Bazaar   | Found Moqonah's Magic Scroll Shop.
 39161 | Bazaar   | Found Gostrini's Magic Scroll Boutique.
 39162 | Bazaar   | Found Foteise's Antique Armour Emporium.
 39168 | Bazaar   | Bought a scroll of enchant armour for 105 gold pieces
 39168 | Bazaar   | Bought a scroll of teleportation for 42 gold pieces
 39168 | Bazaar   | Bought a scroll of teleportation for 42 gold pieces
 39193 | Bazaar   | Found Peqanki's Book Emporium.
 39212 | Bazaar   | Bought a scroll of teleportation for 57 gold pieces
 39212 | Bazaar   | Bought a scroll of teleportation for 57 gold pieces
 39212 | Bazaar   | Bought a scroll of teleportation for 57 gold pieces
 39212 | Bazaar   | Bought a scroll of enchant weapon for 142 gold pieces
 39212 | Bazaar   | Bought a scroll of enchant armour for 142 gold pieces
 39521 | Vaults:4 | Noticed an ancient lich
 39538 | Vaults:4 | Killed an ancient lich
 40639 | Vaults:4 | Found a runed translucent door.
 40639 | Vaults:4 | Noticed Zissick's ghost (adept MiBr)
 40840 | Vaults:4 | Killed Zissick's ghost
 41485 | Depths:2 | Found a runed translucent gate.
 41485 | Depths:2 | Found a runed translucent gate.
 41485 | Depths:2 | Found a runed translucent gate.
 41489 | Depths:2 | Noticed Cyommoer's ghost (adept DEHW)
 41505 | Depths:2 | Killed Cyommoer's ghost
 41615 | Depths:2 | Reached XP level 22. HP: 210/275 MP: 1/31
 41997 | Depths:2 | Found a sparkling altar of Nemelex Xobeh.
 42378 | Depths:2 | Found a one-way gate to the infinite horrors of the Abyss.
 43941 | Depths:4 | Entered Level 4 of the Depths
 43959 | Depths:4 | Noticed the Enchantress
 43967 | Depths:4 | Killed the Enchantress
 43969 | Depths:4 | Reached skill level 27 in Polearms
 44013 | Depths:4 | Reached skill level 15 in Armour
 44812 | Depths:4 | Noticed a golden dragon
 44814 | Depths:4 | Found a gate to the Realm of Zot.
 44830 | Depths:4 | Killed a golden dragon
 44831 | Depths:4 | Reached XP level 23. HP: 176/275 MP: 32/32
 44840 | Depths:4 | Noticed a juggernaut
 44864 | Depths:4 | Killed a juggernaut
 45525 | Shoals:1 | Entered Level 1 of the Shoals
 46227 | Shoals:1 | Found Ciycijod's Antique Weapon Shoppe.
 46820 | Shoals:2 | Found Rausouney's Assorted Antiques.
 46869 | Shoals:2 | Bought a potion of mutation for 216 gold pieces
 46869 | Shoals:2 | Bought 2 potions of enlightenment for 270 gold pieces
 47128 | Shoals:2 | Identified a scroll of acquirement
 47177 | Shoals:2 | Acquired a manual of Invocations
 47482 | Shoals:3 | Reached skill level 15 in Invocations
 47645 | Shoals:3 | Found Voofayll's Weapon Emporium.
 47692 | Shoals:3 | Noticed Polyphemus
 47714 | Shoals:3 | Killed Polyphemus
 48112 | Shoals:4 | Entered Level 4 of the Shoals
 48623 | Shoals:4 | Got an azure gem with 0 turns to spare
 48625 | Shoals:4 | Got a barnacled rune of Zot
 48798 | Shoals:4 | Reached XP level 24. HP: 103/295 MP: 36/36
 49799 | Elf:1    | Entered Level 1 of the Elven Halls
 49818 | Elf:1    | Paralysed by an air elemental for 1 turns
 49942 | Elf:1    | Found a crumbling gateway.
 49947 | Desolati | Entered the Desolation of Salt
 50007 | Desolati | Identified the amulet "Ycoibb" {Faith Harm}
 50617 | Desolati | Found the +7 sceptre of Torment {pain, torment}
 50621 | Desolati | Identified the +11 great sword of the Mauling Gods {spect,
                  | *Noise rC+ Dex+3 Stlth+}
 50635 | Desolati | Identified the staff "Puilufev" {Str-5 Int+2 Conj Air}
 50825 | Desolati | Got the Book of Conflagration and Hexing
 50832 | Desolati | Identified the +4 great mace of Ciext {flame, ^Fragile Fly
                  | rElec Str+2}
 50837 | Desolati | Identified the +8 mace "Kyiggius" {antimagic, rCorr}
 51613 | Elf:1    | Found an ancient bone altar of Kikubaaqudgha.
 52626 | Elf:2    | Found Vova's Assorted Antiques.
 52630 | Elf:2    | Bought a scroll of blinking for 195 gold pieces
 53033 | Elf:2    | Found a huge runed translucent gate.
 53033 | Elf:2    | Found a huge runed translucent gate.
 53040 | Elf:2    | Found a huge runed translucent gate.
 53040 | Elf:2    | Found a huge runed translucent gate.
 53040 | Elf:2    | Found a huge runed translucent gate.
 53858 | Elf:3    | Entered Level 3 of the Elven Halls
 54321 | Elf:3    | Noticed Donald
 54357 | Elf:3    | HP: 12/274 [hellion/damnation[a deep elf demonologist]
                  | (24)]
 54651 | Elf:3    | Identified the ring of Trepidation {Fire Int+5}
 54655 | Elf:3    | Identified the amulet "Temuwnow" {+Inv rElec Will+ Regen+}
 54658 | Elf:3    | Identified the ring of Pyd Keo {Fire Dex+4}
 54875 | Elf:3    | Reached XP level 25. HP: 289/294 MP: 37/37
 55012 | Elf:3    | Identified the amulet "Buowy" {Reflect rN+ SH+5}
 55020 | Elf:3    | Identified the amulet of Bosum {Reflect -Cast rElec rPois
                  | rCorr SH+5}
 55077 | Elf:3    | Identified the +7 short sword of the Ass {protect, Will+
                  | Int+3 Stlth+}
 55092 | Elf:3    | Identified the ring "Dewacett" {Ice Str+2}
 55164 | Elf:3    | Killed Donald
 55788 | Vaults:5 | Entered Level 5 of the Vaults
 56206 | Depths:2 | Voluntarily entered the Abyss.
 56498 | Abyss:1  | Found a sacrificial altar of Ru.
 56500 | Abyss:1  | Found a corrupted altar of Lugonu.
 56504 | Abyss:1  | Found a corrupted altar of Lugonu.
 56504 | Abyss:1  | Found a corrupted altar of Lugonu.
 56517 | Abyss:3  | Found a corrupted altar of Lugonu.
 56716 | Abyss:3  | Found a shimmering altar of Xom.
 56744 | Abyss:3  | Got an abyssal rune of Zot
 56785 | Depths:2 | Escaped the Abyss
 56859 | Zot:1    | Entered Level 1 of the Realm of Zot
 57302 | Zot:1    | Killed from afar by a purple draconian

Illustrated notes

Levels and vault maps discovered:
D:1:      saegor_arrival_simple_c, layout_basic, serial_bayou_lake_a
D:2:      layout_basic, nicolae_grassy_gnolls, uniq_terence
D:3:      layout_basic
D:4:      layout_loops_cross, ebering_ghost_disaster_area,
          chequers_serial_rivers_small_3, nicolae_nh_ransacked_shop, uniq_pargi,
          uniq_ijyb, uniq_menkaure
D:5:      layout_gridville
D:6:      layout_cave_pools, jmf_multi_god_temple, minivault_10, uniq_pikel,
          uniq_duvessa
D:7:      layout_rooms, minmay_temple_entry_tees, enter_bailey_1, the_hattery,
          uniq_jeremiah
D:8:      hangedman_cross_veins, layout_basic,
          nicolae_overflow_quartered_altars, gammafunk_ghost_nasty_kobolds,
          hangedman_abyss_or_decor_stabs
D:9:      layout_rooms, minmay_orc_entry_temple_small, nicolae_tricolors
D:10:     layout_basic, dpeg_oklobed_lair, nrook_pool_corridor, uniq_harold,
          uniq_psyche, uniq_nergalle
D:11:     layout_roguey, eino_house_with_fridge, uniq_fannar
D:12:     layout_cave_pods, nicolae_qazlal_eye_of_the_storm
D:13:     layout_loops_ring, hellmonk_guarded_unrand_dark_maul
D:14:     layout_long_grid, skrybe_vaults_entry_preservation,
          minmay_crystal_room
D:15:     gammafunk_depths_entry_grave, layout_layer_cave, uniq_azrael
Temple:   nicolae_temple_slightly_damp_pantheon
Lair:1:   layout_cave_pods, minmay_shattered_shrine, grunt_megastairs_2
Lair:2:   layout_cave_shapes, nicolae_snake_entry_squirm, basic_altar
Lair:3:   layout_cave_pods, minmay_shoals_entry_hut,
          ebering_ghost_reflecting_pool, serial_bayou_shore_b
Lair:4:   layout_gridlike
Lair:5:   due_jungle_book, layout_loops_ring, minmay_slime_entry_pillars,
          chequers_serial_rivers_large_a, grunt_forest_large_clearings
Shoals:1: layout_shoals, serial_shops, nicolae_shop_pleasant_corner_grove
Shoals:2: layout_shoals, serial_shops, shop, nicolae_shoals_sun_and_surf
Shoals:3: layout_shoals, serial_shops, shop, nicolae_shoals_aquamancer_cove,
          uniq_polyphemus
Shoals:4: shoals_end_grunt_garden, layout_shoals
Snake:1:  layout_onion_interference
Snake:2:  layout_layer_cave, basic_altar, lemuel_fruit_tree
Snake:3:  layout_grid_maze, serial_shops, nicolae_shop_peninsula,
          minmay_snake_pond, serial_bayou_shore_a
Snake:4:  grunt_snake_rune_spirals, layout_onion, drop_trap, uniq_mlioglotl
Orc:1:    layout_diamond_mine
Orc:2:    st_orc_open, layout_diamond_mine, basic_altar, gauntlet_entry_generic,
          bh_open_orc_temple, uniq_rupert
Elf:1:    eino_elf_arrival_sip, layout_geoelf_octagon,
          portal_desolation_entry_ruin, guppyfry_elf_altar
Elf:2:    elven_hall_of_blades_hangedman_alternative
          [nicolae_blade_entry_area_security], layout_loops_corners,
          serial_shops, nicolae_shop_trees, nicolae_elf_archery_training
Elf:3:    elf_hall_gauntlet_narrow, layout_onion_city, minmay_misc_feat_columns,
          uniq_donald
Vaults:1: infiniplex_enter_wizlab_spiral, vaults_dpeg_diagonal,
          nicolae_vaults_oval_intersection, ontoclasm_vaults_fault,
          vaults_room_grunt_arrival_ludios, nicolae_vaults_angled_halls,
          nicolae_vaults_triangles, serial_ice_m, nicolae_vaults_prndl,
          nicolae_vaults_trapezoid_layered,
          nicolae_vaults_shipping_containers_4, nicolae_vaults_shelves_hall,
          layout_vaults_omnigrid, serial_shops, bzr_entry_islet, uniq_zenata
Vaults:2: nicolae_vaults_diamond_1, nicolae_vaults_puzzle_piece,
          nicolae_vaults_quadrants, v_misc_2, nicolae_vaults_diagonal_hallway_8,
          v_misc_4, v_misc_8, grunt_vaults_funnel, v_alt_pattern_6,
          layout_vaults_maze_snakey, serial_shops, nicolae_book_shop_shelving,
          uniq_jory
Vaults:3: ontoclasm_vaults_ligature, vaults_mumra_hexcomb,
          minmay_crypt_entry_necro_gods, hangedman_vaults_unwind,
          hangedman_vaults_maws, nicolae_vaults_little_ls,
          nicolae_vaults_offset_grid_hallway_4,
          nicolae_vaults_shrinking_rooms_2, hangedman_vaults_pinch,
          nicolae_vaults_little_squares_3, nicolae_vaults_circle_grid_a,
          nicolae_vaults_double_plus_1, ontoclasm_vaults_gateway,
          ontoclasm_vaults_chip, nicolae_vaults_tetromino_Z_1, vaults_dpeg_ring,
          layout_vaults_ring
Vaults:4: hellmonk_ghost_happy_afterlife, v_misc_22, v_misc_9,
          dpeg_vaults_pockets_of_resistance, nicolae_vaults_mini_display_case,
          nicolae_vaults_diagonal_hallway_9, hangedman_vaults_cutoff,
          nicolae_vaults_storage_closets_2, nicolae_vaults_tetromino_Z_1,
          hangedman_vaults_restitches, vaults_standard_mumra_x,
          nicolae_vaults_diamond_2, layout_vaults_omnicross, serial_shops,
          bzr_entry_lakeside
Vaults:5
Depths:1: layout_gridville, enter_ziggurat_d, nicolae_wu_jian_wuxing_cycle,
          grunt_pan_entry_spiral, grunt_hell_entry_dis_mu, elyvilon_altar_5,
          uniq_asterion
Depths:2: minmay_skeletal_surprise, layout_gridlike, hell_entry, abyss_entry,
          rand_demon_pan_entry_8, ebering_ghost_rock_garden,
          infiniplex_staircase_pool_2, nemelex_xobeh_ov_fountains_minmay
Depths:3: minmay_concentric_multi, layout_gridlike, pf_hell_entry_tar_spiral,
          kennysheep_donut, hangedman_abyss_entry_splay, minmay_staircase_bubble
Depths:4: grunt_twist_and_shout, layout_cave_pools,
          chequers_serial_rivers_room_a, hangedman_coc_ice_floe, st_stairs_14,
          uniq_enchantress
Zot:1:    cheibrodos_zot_enchanting_chambers, layout_twisted_circle,
          regret_index_zotdec_plus, grunt_ministairs_7

Skill      XL: |  1  2  3  4  5  6  7  8  9 10 11 12 13 14 15 16 17 18 19 20 21 22 23 24 25 |
---------------+----------------------------------------------------------------------------+-----
Fighting       | 3 4 5 6 7 9 10 13 15 17 18 20 22 24 25 27 | 27.0
Throwing       | 3 4 5 7 8 9 |  9.0
Polearms       | 4 5 7 8 10 12 13 14 16 17 19 20 22 24 25 26 27 | 27.0
Invocations    | 6 10 12 19 21 | 21.0
Armour         | 6 10 13 15 17 19 21 | 21.2
Dodging        | |  2.6

Action                     |  1- 3 |  4- 6 |  7- 9 | 10-12 | 13-15 | 16-18 | 19-21 | 22-24 | 25-27 || total
---------------------------+-------+-------+-------+-------+-------+-------+-------+-------+-------++-------
  Melee: Trident           |    93 |    17 |       |   357 |   842 |   787 |   513 |       |       ||  2609
         Headbutt          |    14 |    15 |    71 |    73 |   168 |   129 |   232 |   265 |    36 ||  1003
         Halberd           |       |   104 |   344 |    51 |       |       |       |       |       ||   499
         Glaive            |       |       |       |       |       |       |   557 |  1288 |       ||  1845
         Bardiche          |       |       |       |       |       |       |       |   147 |   216 ||   363
  Throw: Dart              |       |     2 |     3 |    10 |     3 |       |       |       |       ||    18
         Large rock        |       |     1 |       |       |       |    15 |    21 |    15 |     4 ||    56
         Throwing net      |       |     1 |     1 |       |       |       |       |       |       ||     2
         Javelin           |       |       |     6 |    12 |       |       |       |       |       ||    18
         Boomerang         |       |       |    16 |    15 |       |       |       |       |       ||    31
 Invoke: Light the Black T |       |       |       |     1 |     9 |     8 |     6 |    10 |     2 ||    36
         Hurl Torchlight   |       |       |       |       |     1 |     6 |     8 |     7 |       ||    22
         Bind Soul         |       |       |       |       |       |     2 |     1 |     3 |     1 ||     7
         Recall Undead Har |       |       |       |       |       |     3 |     3 |     1 |       ||     7
         Fathomless Shackl |       |       |       |       |       |       |     2 |     7 |       ||     9
  Evoke: Phantom mirror    |       |       |       |       |     1 |       |       |     2 |       ||     3
         Wand              |       |       |       |       |       |       |       |       |     1 ||     1
    Use: Potion            |       |       |     2 |       |       |       |     1 |    16 |     5 ||    24
         Scroll            |       |       |    10 |       |    10 |    11 |     2 |    12 |     2 ||    47
   Stab: Sleeping          |     2 |     1 |     1 |     4 |     7 |    10 |    22 |    15 |       ||    62
         Distracted        |       |       |     1 |     3 |    17 |    19 |    31 |    37 |     5 ||   113
         Invisible         |       |       |       |     1 |       |       |       |     5 |       ||     6
 Armour: Robe              |    45 |    63 |       |   121 |   209 |   422 |   488 |   184 |       ||  1532
         Troll leather arm |       |       |   235 |    40 |       |       |       |       |       ||   275
         Acid dragon scale |       |       |       |       |       |       |       |   986 |   212 ||  1198
  Dodge: Dodged            |    31 |    53 |   138 |   128 |   178 |   152 |   207 |   439 |    58 ||  1384
         Repelled          |       |       |       |       |       |    15 |    49 |       |       ||    64

Table legend: (Time is in decaauts)
 A = Elapsed time spent in this place.
 B = Non-inter-level travel time spent in this place.
 C = Inter-level travel time spent in this place.
 D = Time resting spent in this place.
 E = Time spent auto-exploring this place.
 F = Levels seen in this place.
 G = Mean time per level.
                   A        B        C        D        E       F      G
               +--------+--------+--------+--------+--------+-----+--------+
         Total |  55639 |  51557 |   4082 |   2943 |  37112 |  53 | 1049.8 |
       Dungeon |  17045 |  15164 |   1881 |    384 |  12092 |  15 | 1136.3 |
        Temple |     54 |     34 |     20 |      0 |      0 |   1 |   54.0 |
          Lair |   6177 |   5538 |    639 |      8 |   4476 |   5 | 1235.4 |
        Shoals |   3676 |   3569 |    107 |    344 |   2328 |   4 |  919.0 |
     Snake Pit |   5869 |   5675 |    194 |    115 |   4694 |   4 | 1467.2 |
  Orcish Mines |   1939 |   1662 |    277 |    343 |   1062 |   2 |  969.5 |
   Elven Halls |   4462 |   4310 |    152 |    522 |   2667 |   3 | 1487.3 |
        Vaults |   6266 |   5765 |    501 |     43 |   4251 |   5 | 1253.2 |
        Depths |   6460 |   6154 |    306 |    770 |   4140 |   4 | 1615.0 |
           Zot |    398 |    398 |      0 |    159 |    113 |   1 |  398.0 |
         Abyss |    589 |    589 |      0 |      5 |    186 |   3 |  196.3 |
        Bazaar |    171 |    171 |      0 |      0 |    132 |   2 |   85.5 |
        Bailey |    463 |    463 |      0 |    118 |     78 |   1 |  463.0 |
        Wizlab |    753 |    753 |      0 |      0 |    308 |   1 |  753.0 |
    Desolation |   1016 |   1016 |      0 |    130 |    441 |   1 | 1016.0 |
      Gauntlet |    294 |    294 |      0 |      0 |    143 |   1 |  294.0 |
               +--------+--------+--------+--------+--------+-----+--------+

Top non-repeatable levels by time:
Depths:1: 2272 daAuts
    D:15: 2068 daAuts
   Elf:2: 1907 daAuts
 Snake:4: 1867 daAuts
Vaults:4: 1849 daAuts
Vaults:1: 1731 daAuts
  Lair:5: 1659 daAuts
    D:13: 1578 daAuts
    D:10: 1577 daAuts
    D:14: 1541 daAuts
   Elf:3: 1518 daAuts
Depths:3: 1516 daAuts
Vaults:3: 1492 daAuts
 Snake:3: 1463 daAuts
  Lair:1: 1453 daAuts
